 Dungeon Crawl Stone Soup version 0.26-b1-32-g5d43845 (webtiles) character file.

Game seed: 2721079534111099079

39 TalculmPowers the Skirmisher (level 3, -2/33 HPs)
             Began as a Ghoul Fighter on Jan 11, 2021.
             Slain by Sigmund
             ... wielding a +0 scythe
              (3 damage)
             ... on level 2 of the Dungeon.
             The game lasted 00:12:58 (1058 turns).

TalculmPowers the Skirmisher (Ghoul Fighter)        Turns: 1058, Time: 00:12:58

Health: -2/33      AC:  7    Str: 19    XL:     3   Next: 45%
Magic:  2/2        EV:  7    Int:  4    God:
Gold:   105        SH:  0    Dex:  8    Spells: 2/2 levels left

rFire    . . .     SeeInvis .   a - +1 war axe
rCold    + . .     Faith    .   c - +0 kite shield
rNeg     + + +     Spirit   .   b - +0 scale mail
rPois    ∞         Reflect  .   (no helmet)
rElec    .         Harm     .   (no cloak)
rCorr    .         Rampage  .   m - +0 pair of gloves
Will     .....                  (no boots)
Stlth    ..........             (no amulet)
HPRegen  0.00/turn              e - ring of flight
MPRegen  0.08/turn              (no ring)

@: confused, mighty
A: claws 1, cold resistance 1, negative energy resistance 3, inhibited
regeneration, torment resistance, unbreathing
a: Evoke Flight


You were on level 2 of the Dungeon.
You visited 1 branch of the dungeon, and saw 2 of its levels.

You collected 105 gold pieces.

Inventory:

Hand Weapons
 a - a +1 war axe (weapon)
Armour
 b - a +0 scale mail (worn)
 c - a +0 kite shield (worn)
 m - a +0 pair of gloves (worn)
Jewellery
 e - a ring of flight (left hand)
Scrolls
 j - 2 scrolls of identify


   Skills:
 + Level 3.7 Fighting
 + Level 2.2 Axes
 + Level 3.0 Armour
 + Level 3.0 Shields
 + Level 0.1 Evocations


You had 2 spell levels left.
You didn't know any spells.
Your spell library was empty.

Dungeon Overview and Level Annotations

Branches:
Dungeon (2/15)

Altars:

Annotations:
D:2 Sigmund


Innate Abilities, Weirdness & Mutations

You thrive by killing the living.
You are immune to poison.
You have sharp fingernails.
Your flesh is cold resistant. (rC+)
You are immune to negative energy. (rN+++)
You do not regenerate when monsters are visible.
You are immune to unholy pain and torment.
You can survive without breathing.


Message History

You barely miss Sigmund.
Sigmund is moderately wounded.
Sigmund's eyes start glowing with a red light.
You block Sigmund's attack.
You barely miss Sigmund.
Sigmund is moderately wounded.
Sigmund hits you with a +0 scythe!
* * * LOW HITPOINT WARNING * * *
You slash Sigmund!
Sigmund is severely wounded.
Sigmund points at you and mumbles some strange words.
The magic dart hits you!
* * * LOW HITPOINT WARNING * * *
You block Sigmund's attack.
You hit Sigmund.
Sigmund is almost dead.
Sigmund points at you and mumbles some strange words.
You are confused.
Sigmund hits you from afar with a +0 scythe.
You die...

# #....# #.
#.#....#....
#.#....#.#.#
###..........#
...#....#...#
......#...##
#@..$.#....
#..).......
###@..#######.
#.............
+............[
#.#..#.######
#+#..#.<#
.(..##†#
.....##..
............
.....#.##...#


You could see Sigmund.

Vanquished Creatures
  2 dart slugs (D:1)
  A leopard gecko (D:1)
  2 giant cockroaches (D:1)
  6 goblins (D:1)
  4 hobgoblins
  4 jackals (D:1)
  2 bats (D:1)
  4 frilled lizards
  2 kobolds (D:1)
  6 rats (D:1)
33 creatures vanquished.

Notes
Turn   | Place    | Note
-------+----------+-------------------------------------------
     0 | D:1      | TalculmPowers the Ghoul Fighter began the quest for the
                  | Orb.
     0 | D:1      | Reached XP level 1. HP: 19/19 MP: 0/0
   123 | D:1      | Reached XP level 2. HP: 20/26 MP: 1/1
   691 | D:1      | Reached XP level 3. HP: 28/31 MP: 2/2
  1038 | D:2      | Noticed Sigmund
  1056 | D:2      | HP: 1/33 [Sigmund/magic dart (8)]
  1058 | D:2      | Slain by Sigmund

Illustrated notes

Levels and vault maps discovered:
D:1:      ncdulo_smallfort, layout_basic, chequers_serial_rivers_small_b
D:2:      minmay_chambers_of_ones, layout_basic, grunt_qazlal_clouds,
          lemuel_doored_altar, uniq_sigmund

Skill      XL: |  1  2 |
---------------+-------+-----
Axes           | 2 |  2.2
Armour         | 3 |  3.0
Shields        | 3 |  3.0
Fighting       | |  3.7
Evocations     | |  0.1

Action                   || total
-------------------------++-------
Melee: War axe           ||   135
  Use: Scroll            ||     5
       Potion            ||     5
Armor: Scale mail        ||    58
Dodge: Dodged            ||    37
Block: Kite shield       ||    54
